 Dungeon Crawl Stone Soup version 0.24-a0-549-g45f0056d81 (webtiles) character file.

Game seed: 9929360559834737006

158 Ijustatesigmund the Skirmisher (level 5, -6/57 HPs)
             Began as an Ogre Fighter on Aug 20, 2019.
             Mangled by a goblin
             ... wielding a +0 club
              (7 damage)
             ... on level 3 of the Dungeon.
             The game lasted 00:04:02 (1782 turns).

Ijustatesigmund the Skirmisher (Ogre Fighter)       Turns: 1782, Time: 00:04:03

Health: -6/57      AC:  3    Str: 20    XL:     5   Next: 39%
Magic:  5/5        EV:  8    Int:  9    God:
Gold:   164        SH:  9    Dex:  7    Spells: 4/4 levels left

rFire    + . .     SeeInvis .   a - +0 flail
rCold    . . .     Gourm    .   c - +1 shield
rNeg     . . .     Faith    .   b - +0 robe
rPois    .         Spirit   .   (helmet restricted)
rElec    .         Reflect  .   (no cloak)
rCorr    .         Harm     .   (gloves unavailable)
MR       .....                  (boots unavailable)
Stlth    +.........             (no amulet)
HPRegen  0.00/turn              (no ring)
MPRegen  0.09/turn              (no ring)

@: lethally poisoned (-6 -> -26)
A: large, unfitting armour, clumsy 1, fire resistance 1, mutation resistance 1,
inhibited regeneration, tough skin 1
a: no special abilities


You were on level 3 of the Dungeon.
You were not hungry.

You visited 1 branch of the dungeon, and saw 3 of its levels.

You collected 164 gold pieces.

Inventory:

Hand Weapons
 a - a +0 flail (weapon)
Armour
 b - a +0 robe (worn)
 c - a +1 shield (worn)
Scrolls
 g - a scroll of fog
 n - a scroll of remove curse
Potions
 d - a potion of might
 e - a potion of resistance
 h - a potion of agility
 i - a potion of curing
 l - 4 potions of cancellation
 m - a potion of degeneration {unknown}
Comestibles
 f - 3 rations
 o - a chunk of flesh


   Skills:
 + Level 5.5 Fighting
 * Level 4.1 Maces & Flails
 - Level 2.6 Dodging
 - Level 2.6 Shields


You had 4 spell levels left.
You didn't know any spells.
Your spell library was empty.

Dungeon Overview and Level Annotations

Branches:
Dungeon (3/15)

Altars:
Hepliaklqana
Sif Muna
Trog
Xom


Innate Abilities, Weirdness & Mutations

You are too large for most types of armour.
You have tough skin. (AC +1)
You are clumsy. (Dex -2)
Your flesh is heat resistant. (rF+)
You are somewhat resistant to further mutation.
You do not regenerate when monsters are visible.


Message History

The scorpion is lightly wounded.
You feel sick. The scorpion stings you!
* * * LOW HITPOINT WARNING * * *
You block the goblin's attack. The rat bites you but does no damage.
The scorpion closely misses you.
You hit the scorpion.
The scorpion is lightly wounded.
The goblin hits you with a +0 club.
* * * LOW HITPOINT WARNING * * *
The rat bites you.
* * * LOW HITPOINT WARNING * * *
The scorpion stings you!
* * * LOW HITPOINT WARNING * * *
You are more poisoned.
The scorpion poisons you!
You barely miss the scorpion.
The scorpion is lightly wounded.
* * * LOW HITPOINT WARNING * * *
You feel sick. You block the rat's attack. The goblin hits you with a +0 club!
You die...

*,*********
*...,,,,,,******
*#..##****,,,,,,,
*....,,,,,,,,****
##.>.###*****,*
#......,* *,*
#....#*,*****,****
#sr..#*,,,,,,,,,,*
######@g..##******,**,*
#..........# *,**,*
#.####[....# *,**,, *,*
#.....# *,**** *,*
#.†...######*,* *,*
#...........,,*
*,***#.#...#######**
*,**...#...###...#
*,*#.###...>.....#


You could see a scorpion, a goblin and a rat.

Vanquished Creatures
  A centaur (D:3)
  2 adders (D:2)
  An ooze (D:2)
  A dart slug (D:1)
  3 leopard geckos
  2 orcs (D:3)
  A ball python (D:1)
  7 bats (D:1)
  4 giant cockroaches
  8 hobgoblins
  2 jackals (D:1)
  3 kobolds (D:1)
  2 quokkas (D:3)
  4 frilled lizards
  4 goblins
  9 rats
54 creatures vanquished.

Notes
Turn   | Place    | Note
-------+----------+-------------------------------------------
     0 | D:1      | Ijustatesigmund the Ogre Fighter began the quest for the
                  | Orb.
     0 | D:1      | Reached XP level 1. HP: 24/24 MP: 1/1
    94 | D:1      | Reached XP level 2. HP: 25/32 MP: 2/2
   274 | D:1      | HP: 1/32 [hobgoblin (5)]
   731 | D:1      | Reached XP level 3. HP: 34/40 MP: 3/3
  1194 | D:2      | Found a faded altar of an unknown god.
  1444 | D:2      | Reached XP level 4. HP: 44/49 MP: 4/4
  1682 | D:3      | Found a hide-covered altar of Uskayaw.
  1684 | D:3      | Found a shadowy altar of Dithmenos.
  1684 | D:3      | Found a shimmering altar of Xom.
  1686 | D:3      | Found a hazy altar of Hepliaklqana.
  1686 | D:3      | Found a bloodstained altar of Trog.
  1686 | D:3      | Found a shimmering blue altar of Sif Muna.
  1691 | D:3      | Reached skill level 5 in Fighting
  1723 | D:3      | Noticed a centaur
  1731 | D:3      | Killed a centaur
  1731 | D:3      | Reached XP level 5. HP: 16/57 MP: 5/5
  1771 | D:3      | Gained mutation: Armour fits poorly on your strangely
                  | shaped body. [potion of mutation]
  1771 | D:3      | Gained mutation: Potions are less effective at restoring
                  | your health. [potion of mutation]
  1771 | D:3      | Gained mutation: Your flesh is heat resistant. (rF+)
                  | [potion of mutation]
  1772 | D:3      | Lost mutation: Armour fits poorly on your strangely shaped
                  | body. [potion of mutation]
  1772 | D:3      | Lost mutation: Potions are less effective at restoring your
                  | health. [potion of mutation]
  1772 | D:3      | Gained mutation: You are clumsy. (Dex -2) [potion of
                  | mutation]
  1772 | D:3      | Gained mutation: You do not regenerate when monsters are
                  | visible. [potion of mutation]
  1772 | D:3      | Gained mutation: You are somewhat resistant to further
                  | mutation. [potion of mutation]
  1782 | D:3      | HP: 1/57 [poisoned by a scorpion]
  1782 | D:3      | Mangled by a goblin

Levels and vault maps discovered:
D:1:      matt_arrival_los_fun, layout_basic, serial_forest,
          infiniplex_forest_straight_3, infiniplex_forest_straight_4,
          infiniplex_forest_zigzag_2, infiniplex_forest_clump_small
D:2:      layout_basic, chequers_ecumenical_altar_simple_redux
D:3:      layout_loops_ring, doesnt_xom_only_xom, lemuel_coloured_pillars_altar,
          portal_sewer_entry_e

Skill      XL: |  1  2  3  4 |
---------------+-------------+-----
Maces & Flails | 2 3 4 |  4.1
Fighting       | 5 |  5.5
Dodging        | |  2.6
Shields        | |  2.6

Action                   |  1- 3 |  4- 6 || total
-------------------------+-------+-------++-------
Melee: Flail             |   152 |    47 ||   199
  Use: Scroll            |     9 |     2 ||    11
       Potion            |     2 |     3 ||     5
  Eat: Chunk             |     2 |     1 ||     3
Armor: Robe              |    75 |    11 ||    86
Dodge: Dodged            |    72 |    15 ||    87
Block: Shield            |    90 |    36 ||   126

Table legend:
 A = Non-vault XP
 B = Vault XP
 C = Vault XP percentage of total XP
 D = Non-vault monster count
 E = Vault monster count
 F = Vault count percentage of total count
                 A         B        C        D         E       F
            +---------+---------+-------+---------+---------+-------
      Total |     226 |       0 |   0.0 |      54 |       0 |   0.0
            +---------+---------+-------+---------+---------+-------
        D:1 |      50 |       0 |   0.0 |      32 |       0 |   0.0
        D:2 |      51 |       0 |   0.0 |      12 |       0 |   0.0
        D:3 |     125 |       0 |   0.0 |      10 |       0 |   0.0
            +---------+---------+-------+---------+---------+-------
